 Dungeon Crawl Stone Soup version 0.29-a0-352-g0917bc69df (webtiles) character file.

Game seed: 3507923818557207767

64 sammy202020 the Skirmisher (level 3, -1/30 HPs)
             Began as a Demonspawn Berserker on Apr 24, 2022.
             Was a Follower of Trog.
             Succumbed to a scorpion's poison
             ... on level 3 of the Dungeon.
             The game lasted 00:02:12 (1973 turns).

sammy202020 the Skirmisher (Demonspawn Berserker)   Turns: 1973, Time: 00:02:13

Health: -1/30      AC: 13    Str: 17    XL:     3   Next: 91%
Magic:  3/3        EV: 10    Int: 10    God:    Trog [*.....]
Gold:   60         SH:  0    Dex: 12    Spells: 2/2 levels left

rFire   . . .      SeeInvis .   a - +0 hand axe
rCold   . . .      Faith    .   (no shield)
rNeg    . . .      Spirit   .   j - +0 scale mail
rPois   .          Reflect  .   (no helmet)
rElec   .          Harm     .   (no cloak)
rCorr   .          Rampage  .   f - +0 pair of gloves
Will    .....                   (no boots)
Stlth   ..........              (no amulet)
HPRegen 0.10/turn               (no ring)
MPRegen 0.08/turn               (no ring)

@: lethally poisoned (-1 -> -20), sanguine armoured
A: sanguine armour 1
a: Renounce Religion, Berserk


You were on level 3 of the Dungeon.
You worshipped Trog.
Trog was aware of your devotion.
You visited 1 branch of the dungeon, and saw 3 of its levels.

You collected 60 gold pieces.

Inventory:

Hand Weapons
 a - a +0 hand axe (weapon)
Armour
 f - a +0 pair of gloves (worn)
 j - a +0 scale mail (worn)
Scrolls
 b - a scroll of teleportation {unknown}
 g - a scroll of immolation {unknown}
 i - 2 scrolls of identify {unknown}
Potions
 c - 2 potions of curing {unknown}
 d - 2 potions of brilliance {unknown}
 e - 2 potions of flight {unknown}
 h - a potion of berserk rage {unknown}


   Skills:
 * Level 3.8 Fighting
 * Level 3.3 Axes
 + Level 2.2 Armour
 - Level 2.0 Dodging


You had 2 spell levels left.
You didn't know any spells.
Your spell library was empty.

Dungeon Overview and Level Annotations

Branches:
Dungeon (3/15)

Altars:

Shops:
D:1 =


Innate Abilities, Weirdness & Mutations

When seriously injured, your blood forms armour. (AC +6)


Message History

No target in view!
No target in view!
Things that are here:
a +0 club; a goblin corpse
i - 2 scrolls labelled KYACVO IKOCAMYH (gained 1)
A scorpion comes into view.
A scorpion is nearby!
Found 14 gold pieces.
You closely miss the scorpion. The scorpion closely misses you.
The scorpion stings you but does no damage.
You barely miss the scorpion.
The scorpion stings you but does no damage.
You closely miss the scorpion. The scorpion closely misses you.
You hit the scorpion.
The scorpion is lightly wounded.
The scorpion stings you. x2
You barely miss the scorpion.
The scorpion is lightly wounded.
The scorpion stings you.
You are poisoned.
The scorpion poisons you!
You closely miss the scorpion.
The scorpion is lightly wounded.
Your blood congeals into armour.
You feel very sick. The scorpion closely misses you.
You hit the scorpion.
The scorpion is moderately wounded.
You feel very sick. The scorpion stings you.
You are lethally poisoned!
The scorpion poisons you! The scorpion stings you.
* * * LOW HITPOINT WARNING * * *
You fail to use your ability.
* * * LOW HITPOINT WARNING * * *
You feel very sick.
The scorpion stings you but does no damage.
You hit the scorpion.
The scorpion is heavily wounded.
You die...

....###
#>..########.#
##...)......#
#<..#######..
##...#
##....#####
##...........
#..######....
#@## ..$ #.s#
.. #?## . #.
.. #.# .. $.#


You could see a scorpion.

Vanquished Creatures
  Terence (D:2)
  An adder (D:2)
  4 ball pythons
  4 bats
  3 endoplasms
  2 giant cockroaches (D:2)
  3 goblins
  2 hobgoblins
  A quokka (D:1)
  A frilled lizard (D:2)
  4 kobolds
  A rat (D:2)
27 creatures vanquished.

Notes
Turn   | Place    | Note
-------+----------+-------------------------------------------
     0 | D:1      | sammy202020 the Demonspawn Berserker began the quest for
                  | the Orb.
     0 | D:1      | Reached XP level 1. HP: 18/18 MP: 1/1
   304 | D:1      | Gained mutation: When seriously injured, your blood forms
                  | armour. (AC +6) [demonic ancestry]
   304 | D:1      | Reached XP level 2. HP: 7/24 MP: 2/2
   565 | D:1      | Found a faded altar of an unknown god.
   968 | D:1      | Found Fiowihe's Jewellery Shop.
  1361 | D:2      | Reached XP level 3. HP: 25/29 MP: 3/3
  1579 | D:2      | Noticed Terence
  1595 | D:2      | Killed Terence
  1962 | D:3      | Noticed a scorpion
  1973 | D:3      | Succumbed to a scorpion's poison

Illustrated notes

Levels and vault maps discovered:
D:1:      dpeg_arrival_short_road, layout_basic,
          hellmonk_ecumenical_altar_leap_of_faith, serial_shops, shop
D:2:      layout_basic, uniq_terence
D:3:      layout_rooms

Skill      XL: |  1  2 |
---------------+-------+-----
Axes           | 3 |  3.3
Dodging        | 2 |  2.0
Armour         | 2 |  2.2
Fighting       | |  3.8

Action                   || total
-------------------------++-------
Melee: Hand axe          ||   102
Invok: Berserk           ||     1
Armor: Animal skin       ||    24
       Scale mail        ||    23
Dodge: Dodged            ||    56

Table legend: (Time is in decaauts)
 A = Elapsed time spent in this place.
 B = Non-inter-level travel time spent in this place.
 C = Inter-level travel time spent in this place.
 D = Time resting spent in this place.
 E = Time spent auto-exploring this place.
 F = Levels seen in this place.
 G = Mean time per level.
                   A        B        C        D        E       F      G
               +--------+--------+--------+--------+--------+-----+--------+
         Total |   1997 |   1933 |     64 |    209 |   1466 |   3 |  665.7 |
       Dungeon |   1997 |   1933 |     64 |    209 |   1466 |   3 |  665.7 |
               +--------+--------+--------+--------+--------+-----+--------+

Top non-repeatable levels by time:
     D:1: 1094 daAuts
     D:2: 879 daAuts
     D:3: 23 daAuts
